 Dungeon Crawl Stone Soup version 0.20.0-10-g0535bb4 (webtiles) character file.

12311 Zwobot the Basher (level 11, -1/71 HPs)
             Began as a Gargoyle Monk on June 7, 2017.
             Was a Priest of Qazlal.
             Slain by a tentacle (10 damage)
             ... attached to a kraken
             ... on level 2 of the Abyss.
             The game lasted 00:32:01 (10956 turns).

Zwobot the Basher (Gargoyle Monk)                  Turns: 10956, Time: 00:32:03

Health: -1/71      AC: 25    Str: 18    XL:     11   Next: 91%
Magic:  3/15       EV:  8    Int: 11    God:    Qazlal [***...]
Gold:   99         SH:  4    Dex: 12    Spells: 10/10 levels left

rFire    + . .     SeeInvis .   a - +5 flail (holy)
rCold    + + .     Gourm    +   (no shield)
rNeg     + . .     Faith    .   N - +4 chain mail {rPois}
rPois    ∞         Spirit   .   Q - +1 hat
rElec    +         Reflect  .   (no cloak)
rCorr    +         Harm     .   (no gloves)
MR       .....                  M - +1 pair of boots
Stlth    ..........             e - amulet of the gourmand
Regen    0.3/turn               t - ring of protection from cold
MPRegen  0.2/turn               w - ring of loudness (curse)

@: resistant
A: negative energy resistance 1, electricity resistance, unbreathing,
petrification resistance, rot immunity, AC +7
a: Upheaval, Elemental Force, Renounce Religion


You were on level 2 of the Abyss.
You worshipped Qazlal.
Qazlal was most pleased with you.
You were full.

You visited 2 branches of the dungeon, and saw 12 of its levels.
You visited the Abyss 1 time.

You collected 467 gold pieces.
You spent 368 gold pieces at shops.

Inventory:

Hand Weapons
 a - a +5 flail of holy wrath (weapon)
Missiles
 D - 15 tomahawks (quivered)
Armour
 o - a +1 pair of boots
 J - a +2 large shield
 M - a +1 pair of boots (worn)
 N - a +4 chain mail of poison resistance (worn)
 Q - a +1 hat (worn)
 R - a +0 plate armour
Jewellery
 e - an amulet of the gourmand (around neck)
 n - an uncursed ring of wizardry
 t - a ring of protection from cold (left hand)
 v - an uncursed ring of protection from fire
 w - a cursed ring of loudness (right hand)
 E - a +2 ring of slaying {unknown}
Wands
 b - a wand of paralysis (5/24)
 f - a wand of random effects (26/48)
 p - a wand of digging (12/24)
 y - a wand of flame (14/48)
 K - a wand of lightning (12/15)
 P - a wand of disintegration (9/24)
Scrolls
 g - a scroll of fear
 l - 3 scrolls of teleportation
 m - 3 scrolls of enchant weapon
 r - 2 scrolls of immolation {unknown}
 s - a scroll of blinking {unknown}
 A - 2 scrolls of magic mapping {unknown}
 F - a scroll of recharging {unknown}
 G - a scroll of remove curse
 H - a scroll of fog {unknown}
 I - a scroll of vulnerability {unknown}
Potions
 d - a potion of resistance
 h - 3 potions of magic
 j - a potion of lignification
 k - a potion of heal wounds {unknown}
 q - 3 potions of flight {unknown}
 x - 2 potions of brilliance
 z - 2 potions of haste
 L - 2 potions of invisibility {unknown}
Books
 C - a book of Necromancy

   Spells                             Type                      Level
   a - Pain                           Necromancy                   1
   b - Animate Skeleton               Necromancy                   1
   c - Vampiric Draining              Necromancy                   3
   d - Regeneration                   Charms/Necromancy            3
   e - Animate Dead                   Necromancy                   4
   f - Control Undead                 Necromancy                   4
Comestibles
 c - 11 bread rations
 i - 7 royal jellies
 u - 6 meat rations
 O - 2 fruits


   Skills:
 + Level 9.3 Fighting
 * Level 13.9 Maces & Flails
 + Level 7.9 Armour
 - Level 2.4 Dodging
 - Level 2.1 Stealth
 + Level 6.4 Invocations


You had 10 spell levels left.
You didn't know any spells.

Dungeon Overview and Level Annotations

Branches:
Dungeon (11/15)            Temple (1/1) D:7            Lair (0/6) D:9
    Orc: D:9-12

Altars:
Ashenzari
Cheibriados
Dithmenos
Elyvilon
Fedhas
Gozag
Hepliaklqana
Kikubaaqudgha
Makhleb
Nemelex Xobeh
Okawaru
Qazlal
Ru
Sif Muna
Trog
Uskayaw
Vehumet
Xom
Yredelemnul
Zin
The Shining One

Shops:
D:4 *   D:6 [   D:10 *

Annotations:
D:9 Gastronok
D:11 Psyche


Innate Abilities, Weirdness & Mutations

You are resistant to torment.
Your stone body is resilient. (AC +7)
You are immune to poison.
You resist negative energy. (rN+)
You are resistant to electric shocks. (rElec)
You can survive without breathing.
You are immune to petrification.
You are immune to rotting.


Message History

The ufetubus barely misses you.
Unknown command.
Unknown command.
Unknown command.
You feel protected.
The fire bat bites you but does no damage. x4
The tentacle slaps you!
* * * LOW HITPOINT WARNING * * *
The fire bat bites you but does no damage. x2
The ufetubus hits you but does no damage. x2
The tentacle slaps you but does no damage.
Unknown command.
Okay, then.
You feel better. You block the fire bat's attack.
The fire bat closely misses you. You block the fire bat's attack.
The fire bat bites you but does no damage. x2
The tentacle slaps you but does no damage.
The ufetubus hits you but does no damage.
The ufetubus barely misses you. The tentacle slaps you!
You die...

≈≈≈≈≈≈≈≈...#.##...
.≈≈>≈≈≈≈≈#.#.#....##
≈≈≈≈≈≈≈≈≈.#.........
≈≈≈≈X≈....#......#.
.≈≈.≈≈≈≈..#.##....
≈≈≈≈..≈\b.........
≈..≈.bbbw.....#
#∩@......###
#.#.5#.......# ..
#..#...#..##
.≈≈.........#..##
≈≈..≈≈≈≈≈.####...#
.≈≈≈≈.≈♣≈...####. #
. ≈..#≈≈≈≈##..#.#.#
≈≈♣≈≈≈≈≈≈..#..#5#
.....####


You could see a kraken, a tentacle, 4 fire bats and an ufetubus.

Vanquished Creatures
  2 two-headed ogres
  3 unseen horrors
  The ghost of armaa the Skirmisher, an amateur OgHu (D:4)
  6 trolls
  Grinder (D:6)
  A hippogriff (D:8)
  A spriggan (D:9)
  A wyvern (D:8)
  16 yaks
  2 hungry ghosts
  Edmund (D:5)
  2 orc warriors
  2 ice beasts
  5 sky beasts
  A hornet zombie (D:11)
  A phantom (D:10)
  2 black bears
  An eye of draining (D:7)
  4 ogres
  4 centaurs
  A crocodile (D:10)
  4 bullfrogs
  5 scorpions
  A howler monkey (D:8)
  An electric eel (D:11)
  3 centaur zombies
  5 crimson imps
  4 hounds
  10 orc wizards
  A jelly (D:5)
  2 orc priests
  A bullfrog skeleton (D:7)
  3 centaur skeletons
  An iguana (D:10)
  Terence (D:3)
  Ijyb (D:4)
  Natasha (thrice) (D:2)
  6 worker ants
  4 hound skeletons
  A worker ant zombie (D:10)
  7 adders
  3 gnolls (D:6)
  2 shadow imps (D:7)
  An ooze (D:1)
  An adder skeleton (D:4)
  5 worms
  3 dart slugs
  6 leopard geckos
  27 orcs
  3 giant cockroaches
  12 goblins
  6 hobgoblins
  17 jackals
  4 kobolds
  6 quokkas
  2 ball pythons
  9 bats
  6 frilled lizards
  5 rats
  A tentacle (Abyss:2)
241 creatures vanquished.

Vanquished Creatures (others)
  2 tentacles (Abyss:2)
2 creatures vanquished.

Grand Total: 243 creatures vanquished

Notes
Turn   | Place    | Note
-------+----------+-------------------------------------------
     0 | D:1      | Zwobot the Gargoyle Monk began the quest for the Orb.
     0 | D:1      | Reached XP level 1. HP: 14/14 MP: 1/1
   196 | D:1      | Reached XP level 2. HP: 16/19 MP: 2/2
   744 | D:1      | Reached skill level 4 in Maces & Flails
   845 | D:2      | Reached XP level 3. HP: 23/23 MP: 3/3
   897 | D:2      | Found a white marble altar of Elyvilon.
  1301 | D:2      | Noticed Natasha
  1309 | D:2      | Killed Natasha
  1309 | D:2      | Reached skill level 5 in Maces & Flails
  1309 | D:2      | Reached XP level 4. HP: 24/28 MP: 4/4
  1393 | D:2      | Found a faded altar of an unknown god.
  1426 | D:2      | Noticed Natasha
  1440 | D:2      | Killed Natasha
  1440 | D:2      | Reached XP level 5. HP: 25/32 MP: 5/5
  1655 | D:2      | Noticed Natasha
  1667 | D:2      | Killed Natasha
  2000 | D:3      | Reached skill level 6 in Maces & Flails
  2194 | D:3      | Noticed a sky beast
  2210 | D:3      | Killed a sky beast
  2210 | D:3      | Reached XP level 6. HP: 27/37 MP: 6/6
  2362 | D:3      | Noticed Terence
  2378 | D:3      | Killed Terence
  2378 | D:3      | Reached skill level 7 in Maces & Flails
  2521 | D:4      | Noticed armaa's ghost (amateur OgHu)
  2578 | D:4      | Killed armaa's ghost
  2578 | D:4      | Reached skill level 8 in Maces & Flails
  2578 | D:4      | Reached XP level 7. HP: 18/41 MP: 7/7
  2829 | D:4      | Found a shadowy altar of Dithmenos.
  2846 | D:4      | Found a deep blue altar of Sif Muna.
  2957 | D:4      | Found Keeloabo's Assorted Antiques.
  2967 | D:4      | Bought a scroll of identify for 64 gold pieces
  2967 | D:4      | Bought a scroll of identify for 64 gold pieces
  3037 | D:4      | Reached skill level 9 in Maces & Flails
  3085 | D:4      | Reached XP level 8. HP: 20/46 MP: 8/8
  3212 | D:4      | Noticed Ijyb
  3232 | D:4      | Killed Ijyb
  3581 | D:5      | Entered Level 5 of the Dungeon
  3973 | D:5      | Noticed Edmund
  3992 | D:5      | Killed Edmund
  3992 | D:5      | Reached skill level 10 in Maces & Flails
  4061 | D:5      | Found a blossoming altar of Fedhas.
  4458 | D:6      | Noticed Grinder
  4462 | D:6      | Paralysed by Grinder for 5 turns
  4492 | D:6      | Killed Grinder
  4557 | D:6      | Reached skill level 11 in Maces & Flails
  4789 | D:6      | Reached XP level 9. HP: 47/52 MP: 9/9
  4793 | D:6      | Found Ezummiq's Armour Shop.
  5654 | D:7      | Reached skill level 5 in Fighting
  5654 | D:7      | Reached skill level 1 in Armour
  5740 | D:7      | Found a burning altar of Makhleb.
  5750 | D:7      | Found a stormy altar of Qazlal.
  5758 | D:7      | Became a worshipper of Qazlal Stormbringer
  5758 | D:7      | Reached * piety under Qazlal
  5758 | D:7      | Reached ** piety under Qazlal
  5911 | D:7      | Killed an unseen horror
  5995 | D:7      | Reached skill level 12 in Maces & Flails
  6246 | D:7      | Found a staircase to the Ecumenical Temple.
  6397 | D:7      | Found an ancient bone altar of Kikubaaqudgha.
  6529 | D:8      | Reached XP level 10. HP: 44/61 MP: 10/10
  6626 | D:8      | Reached skill level 1 in Invocations
  6644 | D:8      | Noticed a two-headed ogre
  6814 | Temple   | Entered the Ecumenical Temple
  7441 | D:9      | Reached skill level 5 in Armour
  7627 | D:9      | Found a basalt altar of Yredelemnul.
  7691 | D:9      | Found a staircase to the Lair.
  7774 | D:9      | Noticed Gastronok
  7912 | D:9      | Found a shattered altar of Ashenzari.
  8112 | D:10     | Entered Level 10 of the Dungeon
  8695 | D:10     | Found Xippur's Assorted Antiques.
  8705 | D:10     | Bought a glowing chain mail for 240 gold pieces
  8776 | D:10     | Reached XP level 11. HP: 59/68 MP: 14/14
  8937 | D:10     | Noticed a two-headed ogre
  8955 | D:10     | Killed a two-headed ogre
  8955 | D:10     | Reached skill level 13 in Maces & Flails
  9045 | D:10     | Killed an unseen horror
  9045 | D:10     | Reached skill level 5 in Invocations
  9517 | D:9      | Noticed a two-headed ogre
  9533 | D:9      | Killed a two-headed ogre
 10216 | D:11     | Reached *** piety under Qazlal
 10465 | D:11     | Killed an unseen horror
 10911 | D:11     | Noticed Psyche
 10914 | D:11     | Cast into level 2 of the Abyss (Psyche)
 10947 | Abyss:2  | Noticed a kraken
 10955 | Abyss:2  | HP: 3/71 [tentacle[a kraken] (13)]
 10956 | Abyss:2  | Slain by a tentacle

Skill      XL: |  1  2  3  4  5  6  7  8  9 10 11 |
---------------+----------------------------------+-----
Maces & Flails | 4 5 6 8 9 11 12 13 | 13.9
Fighting       | 4 6 8 9 |  9.3
Armour         | 4 6 7 |  7.9
Invocations    | 4 6 |  6.4
Dodging        | |  2.4
Stealth        | |  2.1

Action                   |  1- 3 |  4- 6 |  7- 9 | 10-12 || total
-------------------------+-------+-------+-------+-------++-------
Melee: Mace              |   121 |   207 |   113 |       ||   441
       Flail             |       |       |   138 |   536 ||   674
Throw: Tomahawk          |       |       |     2 |     4 ||     6
Invok: Upheaval          |       |       |       |     7 ||     7
Evoke: Wand              |       |       |       |     4 ||     4
  Use: Scroll            |       |     5 |     8 |     3 ||    16
       Potion            |       |     3 |     9 |     4 ||    16
  Eat: Chunk             |     1 |     5 |    24 |    22 ||    52
Armor: Robe              |     3 |       |       |       ||     3
       Scale mail        |    57 |   119 |    61 |       ||   237
       Chain mail        |       |       |    48 |   360 ||   408
       Skin              |       |       |     3 |       ||     3
Dodge: Dodged            |    59 |   117 |    99 |   152 ||   427
Block: Other             |       |       |     3 |    47 ||    50
